 Dungeon Crawl Stone Soup version 0.16.1-18-g436b03c (webtiles) character file.

9034 Kostja the Sneak (level 11, 0/56 HPs)
             Began as a Vine Stalker Enchanter on Apr 25, 2015.
             Was a Believer of Nemelex Xobeh.
             Slain by a white ugly thing (25 damage)
             ... on level 11 of the Dungeon on Apr 26, 2015.
             The game lasted 03:11:02 (12715 turns).

Kostja the Sneak (Vine Stalker Enchanter)          Turns: 12715, Time: 03:11:03

Health: 0/56       AC: 10    Str: 20    XL:     11   Next: 40%
Magic:  0/27       EV: 15    Int: 20    God:    Nemelex Xobeh [**....]
Gold:   225        SH:  0    Dex: 16    Spells: 6 memorised, 9 levels left

rFire  . . .     SeeInvis .     c - +4 dagger (venom)
rCold  . . .     Clarity  .     u - +2 leather armour {MR+}
rNeg   . . .     SustAb   .     (no shield)
rPois  .         Gourm    .     N - +1 helmet {Int+3}
rElec  .         Spirit   +     (no cloak)
rCorr  +         Warding  .     H - +2 pair of gloves "Celeo" {Regen+ rCorr Str+6}
rMut   .         Stasis   .     (no boots)
MR     ++...                    x - amulet of faith
Stlth  +++.......               L - +3 ring of strength
                                G - ring of wizardry

@: very resistant to hostile enchantments, fairly stealthy
A: fangs 3, regeneration 2, magic shield, antimagic bite, no device heal 3, rot
immunity
a: Renounce Religion


You were on level 11 of the Dungeon.
You worshipped Nemelex Xobeh.
Nemelex Xobeh was pleased with you.
You were not hungry.

You visited 2 branches of the dungeon, and saw 12 of its levels.

You collected 688 gold pieces.
You spent 463 gold pieces at shops.

Inventory:

Hand weapons
 a - a +1 dagger
 c - a +4 dagger of venom (weapon)
 m - a +3 short sword
 M - a +1 short sword of freezing
 O - a +1 dagger of venom
 P - a +1 vampiric dagger
Armour
 u - a +2 leather armour of magic resistance (worn)
 H - the +2 pair of gloves "Celeo" (worn) {Regen+ rCorr Str+6}
   (You bought it in a shop on level 6 of the Dungeon)

   It affects your strength (+6).
   It increases your rate of regeneration.
   It protects you from acid and corrosion.
 N - a +1 helmet of intelligence (worn)
Jewellery
 l - an uncursed ring of ice
 x - an amulet of faith (around neck)
 G - a ring of wizardry (left hand)
 J - an uncursed ring of positive energy
 K - an uncursed ring of sustain abilities
 L - a +3 ring of strength (right hand)
Magical devices
 A - a wand of enslavement (11)
 R - a wand of fire (9)
Scrolls
 g - 4 scrolls of remove curse
 h - 9 scrolls of teleportation
 i - 3 scrolls of amnesia
 n - a scroll of magic mapping
 s - a scroll of recharging
 w - a scroll of fog
 y - a scroll of noise {unknown}
 Q - a scroll of identify
 U - a scroll of fear {unknown}
Potions
 e - 2 potions of magic
 r - a potion of brilliance
 t - a potion of degeneration {unknown}
 v - 3 potions of resistance
 z - a potion of cure mutation {unknown}
 B - a potion of poison {unknown}
 D - 2 potions of cancellation
 F - a potion of restore abilities
 I - a potion of berserk rage {unknown}
Miscellaneous
 b - a plain deck of destruction {drawn: 8}
 j - a plain deck of war {drawn: 4}
 p - a plain deck of defence {drawn: 5}
 C - a plain deck of destruction
 E - a disc of storms
 T - a plain deck of destruction
Comestibles
 d - 7 bread rations
 f - 21 fruits
 k - 6 meat rations
 o - a royal jelly
 q - 4 beef jerkies


   Skills:
 * Level 6.0 Fighting
 * Level 6.2 Short Blades
 * Level 6.0 Dodging
 + Level 7.2 Stealth
 * Level 7.0 Spellcasting
 + Level 3.8 Conjurations
 * Level 7.2 Hexes
 - Level 1.1 Charms
 + Level 4.4 Ice Magic
 + Level 3.9 Evocations


You had 9 spell levels left.
You knew the following spells:

 Your Spells              Type           Power        Failure   Level  Hunger
a - Corona                Hex            #####..      1%          1    None
b - Ensorcelled Hibernat  Hex/Ice        ####..       1%          2    None
c - Sure Blade            Hex/Chrm       ###.......   1%          2    None
d - Confuse               Hex            #####...     1%          3    #......
e - Dazzling Spray        Conj/Hex       ####....     1%          3    #......
f - Enslavement           Hex            #####...     4%          4    ###....


Dungeon Overview and Level Annotations

Branches:
Dungeon (11/15)            Temple (1/1) D:6            Lair (0/8) D:11
    Orc (0/4) D:11

Altars:
Ashenzari
Cheibriados
Dithmenos
Elyvilon
Fedhas
Gozag
Kikubaaqudgha
Makhleb
Nemelex Xobeh
Okawaru
Qazlal
Ru
Sif Muna
Trog
Vehumet
Xom
Yredelemnul
Zin
The Shining One

Shops:
D:6 [   D:7 %


Innate Abilities, Weirdness & Mutations

You have razor-sharp teeth.
You heal very quickly.
When hurt, damage is shared between your health and your magic reserves.
Your bite disrupts and absorbs the magic of your enemies.
Potions and wands cannot restore your health.
You are immune to rotting.


Message History

Confirm with . or Enter, or press ? or * to list all spells.
Aiming: Confuse
Press: ? - help, Shift-Dir - straight line, f/p - white ugly thing
Aim: a white ugly thing (chance 46%)
The white ugly thing resists with some effort.
The white ugly thing closely misses you.
The white ugly thing gores you but does no damage.
You hit the white ugly thing but do no damage.
The white ugly thing is poisoned.
Your bite misses the white ugly thing.
The white ugly thing closely misses you.
You hit the white ugly thing.
The white ugly thing looks even sicker.
You bite the white ugly thing, but do no damage.
The white ugly thing is lightly wounded.
The white ugly thing gores you. The white ugly thing freezes you!!
All of the chunks of flesh in your inventory have rotted away.
The white ugly thing gores you. The white ugly thing freezes you!!
There is an open door, spattered with blood here.
The white ugly thing gores you. The white ugly thing freezes you!!
You die...
Your body glows slightly and disappears.

...........##'#.#........#.#.##..
.#...#...#....#.#.....####.#.....
..............#.#.....#....#.....
####....###...#.#..##.#.#'##..##.
...#.##.#.#...###.....#.#........
####....'.'...........#.#.#.#####
#########.#......######.#.#.#...#
..........#......#...##.#.#.#....
###########.....@#...##.#.#.#...#
<,,,,,..........u#...##.#...#####
,,,,,,......###..#...*#.#........
,,,,,,......###..#'####.#........
,,,,,,,..........'......#........
,,,,,,,..........#......#.....##.
,,,,,**##....###.#......#.#...##.
,,,..* #....###.######.#.#...##.
,*#..####...........>.#.#.#.))รท..


You could see a white ugly thing.

Vanquished Creatures
  2 hill giants (D:10)
  2 ugly things (D:11)
  A spiny frog (D:11)
  A gargoyle (D:9)
  A two-headed ogre (D:9)
  A wyvern (D:11)
  A trapdoor spider (D:11)
  2 hippogriffs
  3 yaks
  The ghost of hemol the Covered, an average MiFi (D:4)
  A hungry ghost (D:8)
  A black bear (D:10)
  A water moccasin (D:11)
  A phantom (D:4)
  A wasp (D:7)
  3 ogres
  2 ice beasts (D:5)
  3 orc warriors
  3 sky beasts
  3 centaurs
  A crocodile (D:9)
  8 giant frogs
  A big kobold (D:11)
  A gnoll sergeant (D:8)
  A scorpion (D:4)
  5 wights
  5 killer bees
  2 oklob saplings (D:8)
  A quasit (D:10)
  A centaur zombie (D:10)
  5 goliath beetles
  A jelly (D:8)
  2 giant frog skeletons
  4 orc priests
  9 crimson imps
  2 hounds
  A centaur skeleton (D:7)
  9 orc wizards
  5 iguanas
  6 worker ants
  3 wandering mushrooms (D:8)
  3 hound skeletons
  12 adders
  6 gnolls
  2 river rats (D:5)
  3 shadow imps
  2 giant mites (D:5)
  2 worms
  5 giant geckos
  An ooze (D:7)
  35 orcs
  23 bats
  A bat skeleton (D:7)
  A bat zombie (D:6)
  10 goblins
  12 hobgoblins
  17 jackals
  7 quokkas
  4 ball pythons
  3 giant cockroaches
  2 giant gecko skeletons (D:4)
  7 giant newts
  A giant spore (D:9)
  13 kobolds
  A quokka skeleton (D:4)
  26 rats
  9 ballistomycetes (D:10)
315 creatures vanquished.

Vanquished Creatures (collateral kills)
  An orb spider (D:11)
  A centaur (D:7)
  2 killer bees (D:11)
  2 wights (D:6)
  4 gnolls (D:8)
  An orc (D:11)
11 creatures vanquished.

Vanquished Creatures (others)
  A dancing weapon (D:11)
  2 killer bees (D:11)
  A giant spore (D:10)
  A wandering mushroom (D:8)
5 creatures vanquished.

Grand Total: 331 creatures vanquished

Notes
Turn   | Place    | Note
--------------------------------------------------------------
     0 | D:1      | Kostja, the Vine Stalker Enchanter, began the quest for the Orb.
     0 | D:1      | Reached XP level 1. HP: 9/9 MP: 3/3
    67 | D:1      | Reached skill level 1 in Short Blades
    77 | D:1      | Reached XP level 2. HP: 10/14 MP: 6/6
    95 | D:1      | Learned a level 2 spell: Ensorcelled Hibernation
    98 | D:1      | Learned a level 2 spell: Sure Blade
   454 | D:1      | Reached skill level 1 in Fighting
   619 | D:1      | Reached XP level 3. HP: 14/18 MP: 4/7
  1315 | D:2      | Reached XP level 4. HP: 22/22 MP: 5/9
  1475 | D:2      | Learned a level 3 spell: Confuse
  2063 | D:3      | Reached skill level 1 in Ice Magic
  2084 | D:3      | Reached skill level 1 in Charms
  2171 | D:3      | Reached XP level 5. HP: 22/26 MP: 12/12
  2615 | D:4      | Noticed a phantom
  2766 | D:4      | Noticed hemol's ghost (average MiFi)
  2942 | D:4      | Reached skill level 4 in Stealth
  2942 | D:4      | Gained mutation: You heal very quickly. [vine stalker growth]
  2942 | D:4      | Reached XP level 6. HP: 30/30 MP: 15/15
  2973 | D:4      | Learned a level 3 spell: Dazzling Spray
  3365 | D:4      | Found an ancient bone altar of Kikubaaqudgha.
  3366 | D:4      | Found a blossoming altar of Fedhas.
  3703 | D:4      | Reached skill level 1 in Evocations
  3789 | D:4      | Killed a phantom
  3789 | D:4      | Reached XP level 7. HP: 31/35 MP: 9/17
  3988 | D:5      | Entered Level 5 of the Dungeon
  4087 | D:5      | Reached skill level 1 in Conjurations
  4280 | D:5      | Gained mutation: You have razor-sharp teeth. [vine stalker growth]
  4280 | D:5      | Reached XP level 8. HP: 40/40 MP: 19/19
  5208 | D:4      | You fall through a shaft for 2 floors!
  5210 | D:6      | Found a sacrificial altar of Ru.
  5287 | D:6      | Found a staircase to the Ecumenical Temple.
  5297 | Temple   | Entered the Ecumenical Temple
  5381 | D:6      | Reached skill level 5 in Stealth
  5520 | D:6      | Found Goipheepn's Antique Armour Shoppe.
  5594 | D:6      | Bought a pair of ichor-stained gloves for 275 gold pieces
  5599 | D:6      | Identified the +2 pair of gloves "Celeo" {Regen+ rCorr Str+6} (You bought it in a shop on level 6 of the Dungeon)
  5793 | D:4      | Killed hemol's ghost
  5935 | D:6      | Learned a level 4 spell: Enslavement
  6385 | D:7      | Reached XP level 9. HP: 45/45 MP: 21/21
  6418 | D:7      | Reached skill level 5 in Hexes
  6502 | D:6      | Bought a glowing leather armour for 58 gold pieces
  6672 | D:7      | Found a radiant altar of Vehumet.
  7419 | D:7      | Found Bruidghun's Food Shop.
  7791 | D:7      | Reached skill level 5 in Spellcasting
  8297 | D:8      | Reached skill level 6 in Stealth
  8425 | D:8      | Reached XP level 10. HP: 51/51 MP: 24/24
  8522 | D:8      | Noticed a wandering mushroom
  8641 | D:8      | Noticed a wandering mushroom
  8658 | D:8      | Killed a wandering mushroom
  8728 | D:8      | Found a blossoming altar of Fedhas.
  8728 | D:8      | Noticed a wandering mushroom
  8728 | D:8      | Noticed a wandering mushroom
  8731 | D:8      | Killed a wandering mushroom
  8760 | D:8      | Killed a wandering mushroom
  8796 | D:8      | Killed a wandering mushroom
  8804 | D:8      | Reached skill level 5 in Fighting
  9047 | D:8      | Reached skill level 5 in Dodging
  9112 | D:8      | Reached skill level 5 in Short Blades
  9458 | D:9      | Found a basalt altar of Yredelemnul.
  9483 | D:9      | Found a white marble altar of Elyvilon.
  9610 | D:9      | Found a shattered altar of Ashenzari.
  9611 | D:9      | Found a sparkling altar of Nemelex Xobeh.
  9614 | D:9      | Found a bloodstained altar of Trog.
  9615 | D:9      | Found a glowing golden altar of the Shining One.
  9616 | D:9      | Found a stormy altar of Qazlal.
  9938 | D:9      | Became a worshipper of Nemelex Xobeh the Trickster
  9975 | D:9      | Found a shattered altar of Ashenzari.
 10456 | D:9      | Received a gift from Nemelex Xobeh
 10570 | D:10     | Entered Level 10 of the Dungeon
 10705 | D:10     | Noticed a hill giant
 10709 | D:10     | Killed a hill giant
 10765 | D:10     | Received a gift from Nemelex Xobeh
 11175 | D:6      | Bought a shiny helmet for 130 gold pieces
 11352 | D:10     | Noticed a hill giant
 11361 | D:10     | Killed a hill giant
 11521 | D:10     | Reached XP level 11. HP: 56/56 MP: 26/26
 11548 | D:10     | Received a gift from Nemelex Xobeh
 11809 | D:11     | Reached skill level 7 in Stealth
 11957 | D:11     | Noticed an orb spider
 11957 | D:11     | a yak changed into an orb spider
 11976 | D:11     | Killed an orb spider
 12314 | D:11     | Found a staircase to the Orcish Mines.
 12366 | D:11     | Found a staircase to the Lair.
 12446 | D:11     | Received a gift from Nemelex Xobeh
 12715 | D:11     | Slain by a white ugly thing

Action                   |  1- 3 |  4- 6 |  7- 9 | 10-12 || total
-------------------------+-------+-------+-------+-------++-------
Melee: Dagger            |    64 |    36 |   345 |   288 ||   733
       Short sword       |    35 |   135 |       |       ||   170
       Unarmed           |       |    12 |       |       ||    12
 Cast: Corona            |     8 |    11 |     2 |       ||    21
       Ensorcelled Hiber |     6 |    11 |    62 |    38 ||   117
       Sure Blade        |     3 |     7 |    13 |     7 ||    30
       Confuse           |       |     4 |    19 |    13 ||    36
       Dazzling Spray    |       |       |    14 |    31 ||    45
Evoke: Wand              |       |       |     9 |     3 ||    12
       Disc of storms    |       |       |       |     6 ||     6
       Deck              |       |       |       |    17 ||    17
  Use: Scroll            |     3 |     4 |     8 |     7 ||    22
       Potion            |       |     3 |     1 |     3 ||     7
 Stab: Sleeping          |     8 |    14 |    28 |    31 ||    81
       Confused          |       |     2 |     5 |     1 ||     8
       Invisible         |       |       |     7 |     1 ||     8
       Distracted        |       |       |     1 |     3 ||     4
       Betrayed ally     |       |       |     1 |       ||     1
  Eat: Chunk             |     2 |     9 |    18 |    14 ||    43
       Pizza             |       |       |     1 |       ||     1
       Royal jelly       |       |       |       |     1 ||     1
